 Dungeon Crawl Stone Soup version 0.17.1-3-g152610e (webtiles) character file.

830 Grim the Slicer (level 7, -3/46 HPs)
             Began as a High Elf Berserker on Feb 25, 2016.
             Was a Priest of Trog.
             Slain by a centaur
             ... wielding a +0 dagger
              (7 damage)
             ... on level 5 of the Dungeon.
             The game lasted 00:10:06 (6771 turns).

Grim the Slicer (High Elf Berserker)                Turns: 6771, Time: 00:10:06

Health: -3/46      AC:  3    Str: 16    XL:     7   Next: 65%
Magic:  8/8        EV: 15    Int: 11    God:    Trog [***...]
Gold:   201        SH:  0    Dex: 17    Spells: 0 memorised, 6 levels left

rFire  . . .     SeeInvis .     a - +0 short sword
rCold  + . .     Clarity  .     b - +0 animal skin
rNeg   . . .     SustAt   .     (no shield)
rPois  .         Gourm    .     t - +0 helmet
rElec  .         Spirit   .     (no cloak)
rCorr  .         Warding  .     (no gloves)
rMut   .         Stasis   .     (no boots)
MR     ++...                    (no amulet)
Stlth  +++.......               y - +2 ring of evasion
                                e - ring of protection from cold

@: regenerating, very resistant to hostile enchantments, fairly stealthy
A: no striking features
a: Berserk, Trog's Hand, Burn Spellbooks, Renounce Religion


You were on level 5 of the Dungeon.
You worshipped Trog.
Trog was most pleased with you.
You were very hungry.

You visited 1 branch of the dungeon, and saw 5 of its levels.

You collected 201 gold pieces.

Inventory:

Hand Weapons
 a - a +0 short sword (weapon)
Armour
 b - a +0 animal skin (worn)
 t - a +0 helmet (worn)
Jewellery
 e - a ring of protection from cold (left hand)
 h - an uncursed ring of sustain attributes
 n - an uncursed ring of fire
 y - a +2 ring of evasion (right hand)
Scrolls
 f - 2 scrolls of remove curse {unknown}
 g - 3 scrolls of amnesia {unknown}
 j - 2 scrolls of magic mapping {unknown}
 l - a scroll of fear {unknown}
 m - 5 scrolls of identify {unknown}
 p - a scroll of teleportation {unknown}
 u - 5 scrolls of blinking {unknown}
 w - a scroll of enchant weapon {unknown}
 x - a scroll of random uselessness {unknown}
Potions
 d - a potion of heal wounds
 i - a potion of might {unknown}
 k - 2 potions of curing {unknown}
 o - a potion of cancellation {unknown}
 q - a potion of poison {unknown}
 s - a potion of lignification {unknown}
 v - a potion of mutation {unknown}
 A - a potion of degeneration {unknown}
Comestibles
 c - 5 bread rations
 r - 3 royal jellies


   Skills:
 - Level 3.0 Fighting
 * Level 9.8 Short Blades
 - Level 1.7 Armour
 - Level 2.1 Dodging
 + Level 4.6 Stealth


You had 6 spell levels left.
You didn't know any spells.

Dungeon Overview and Level Annotations

Branches:
Dungeon (5/15)
 Temple: D:4-7

Altars:

Shops:
D:4 *


Message History

* * * LOW HITPOINT WARNING * * *
You hit the centaur but do no damage.
The centaur is severely wounded.
The centaur hits you with an uncursed dagger.
* * * LOW HITPOINT WARNING * * *
You barely miss the centaur.
The centaur is severely wounded.
The centaur hits you but does no damage.
You closely miss the centaur.
The centaur is heavily wounded.
The centaur hits you with an uncursed dagger.
* * * LOW HITPOINT WARNING * * *
You hit the centaur.
The centaur is severely wounded.
The centaur closely misses you.
Unknown command.
You hit the centaur but do no damage.
The centaur is severely wounded.
The centaur hits you with an uncursed dagger!
You die...

###... ##..... ##......
####.......
########......##.. ####
.....##.....#)...#
....#####............####
. ........c...............
...##..#.@...##.#####[....
........(.#####.# ##...(.
..###....# ##.# ##....).
##...## #..###.....))
#....#####.#....#>...(
#.......##...########.
#...."###)......## #.
#..####......##### ## #.
#..#..#..#


You could see a centaur.

Vanquished Creatures
  An ogre (D:3)
  A black bear (D:4)
  A centaur (D:5)
  A giant frog (D:3)
  2 crimson imps (D:5)
  2 hounds
  An orc priest (D:3)
  An orc wizard (D:4)
  3 worker ants
  10 adders
  4 gnolls
  2 oozes (D:2)
  3 worms (D:2)
  2 giant geckos
  13 orcs
  6 giant cockroaches
  11 hobgoblins
  10 kobolds
  4 quokkas
  8 bats
  6 giant newts
  5 goblins
  7 jackals
  8 rats
112 creatures vanquished.

Notes
Turn   | Place    | Note
--------------------------------------------------------------
     0 | D:1      | Grim the High Elf Berserker began the quest for the Orb.
     0 | D:1      | Reached XP level 1. HP: 16/16 MP: 2/2
    29 | D:1      | Reached skill level 4 in Short Blades
   398 | D:1      | Reached XP level 2. HP: 21/21 MP: 3/3
  1123 | D:1      | Reached ** piety under Trog
  1123 | D:1      | Reached skill level 5 in Short Blades
  1464 | D:2      | Reached XP level 3. HP: 23/26 MP: 4/4
  2409 | D:2      | HP: 1/26 [worm (9)]
  2823 | D:2      | Reached XP level 4. HP: 23/31 MP: 5/5
  2978 | D:2      | Reached skill level 6 in Short Blades
  3592 | D:2      | Reached XP level 5. HP: 33/36 MP: 6/6
  3798 | D:3      | Reached skill level 7 in Short Blades
  3815 | D:3      | Reached skill level 1 in Stealth
  4086 | D:3      | Noticed an ogre
  4108 | D:3      | Killed an ogre
  4108 | D:3      | Reached XP level 6. HP: 10/42 MP: 7/7
  4362 | D:3      | Reached skill level 8 in Short Blades
  4447 | D:3      | Reached *** piety under Trog
  4666 | D:3      | Found a faded altar to an unknown god.
  6020 | D:4      | Found Decim's Assorted Antiques.
  6103 | D:4      | Reached skill level 9 in Short Blades
  6103 | D:4      | Reached XP level 7. HP: 46/46 MP: 8/8
  6143 | D:5      | Entered Level 5 of the Dungeon
  6771 | D:5      | Slain by a centaur

Action                   |  1- 3 |  4- 6 |  7- 9 || total
-------------------------+-------+-------+-------++-------
Melee: Short sword       |   194 |   249 |   127 ||   570
Invok: Berserk           |     6 |     2 |     1 ||     9
       Trog's Hand       |       |     1 |     1 ||     2
       Burn Spellbooks   |       |     1 |       ||     1
 Stab: Sleeping          |       |     5 |     3 ||     8
  Eat: Chunk             |     3 |    13 |     2 ||    18
       Bread ration      |     2 |       |       ||     2
